 Dungeon Crawl Stone Soup version 0.29.0-15-g675c0067aa (webtiles) character file.

Game seed: 349318959551009889

58 qw the Sneak (level 4, -9/28 HPs)
             Began as a Gargoyle Delver on Sept 11, 2022.
             Mangled by a wight
             ... wielding a +0 battleaxe
              (11 damage)
             ... on level 4 of the Dungeon.
             The game lasted 00:01:06 (3226 turns).

qw the Sneak (Gargoyle Delver)                      Turns: 3226, Time: 00:01:07

Health: -9/28      AC: 11    Str: 18    XL:     4   Next: 1%
Magic:  4/4        EV:  7    Int: 10    God:
Gold:   57         SH:  0    Dex: 11    Spells: 3/3 levels left

rFire   . . .      SeeInvis .   Y - +0 hand axe
rCold   . . .      Faith    .   (no shield)
rNeg    + . .      Spirit   .   c - +0 chain mail
rPois   inf        Reflect  .   (no helmet)
rElec   +          Harm     .   (no cloak)
rCorr   .          Rampage  .   (no gloves)
Will    .....                   (no boots)
Stlth   ..........              (no amulet)
HPRegen 0.09/turn               (no ring)
MPRegen 0.09/turn               (no ring)

@: no status effects
A: sickness immunity, AC +3, negative energy resistance 1, electricity
resistance, torment resistance 1, petrification resistance
a: no special abilities


You were on level 4 of the Dungeon.
You visited 1 branch of the dungeon, and saw 5 of its levels.

You collected 117 gold pieces.
You spent 60 gold pieces at shops.


Innate Abilities, Weirdness & Mutations

You are immune to sickness and miasma.
Your stone body is resilient. (AC +3)
You are immune to poison.
You resist negative energy. (rN+)
You are resistant to electric shocks. (rElec)
You are resistant to unholy torment.
You are immune to petrification.


   Skills:
 - Level 3.2 Fighting
 + Level 3.6 Axes
 - Level 1.0 Armour
 - Level 1.5 Dodging
 - Level 5.4 Stealth


You had 3 spell levels left.
You didn't know any spells.
Your spell library was empty.

Inventory:

Hand Weapons
 d - a +1 whip of venom
 Y - a +0 hand axe (weapon)
Armour
 c - a +0 chain mail (worn)
Wands
 g - a wand of digging (3)
Scrolls
 h - a scroll of identify
Potions
 a - a potion of curing {unknown}
 b - a potion of might {unknown}
 f - a potion of haste
 i - a potion of brilliance {unknown}

Dungeon Overview and Level Annotations

Branches:
Dungeon (5/15)
 Temple: D:4-7

Altars:
The Shining One

Shops:
D:2 *

Portals:
Abyss: D:3

Annotations:
D:3 2 transporters, qw's ghost, weakling GrDe


Message History

The orc is almost dead.
You closely miss the necrophage. The necrophage barely misses you.
The orc hits you but does no damage. The orc barely misses you.
A goblin comes into view. It is wielding a +0 dagger.
The necrophage hits you but does no damage.
The wight hits you but does no damage.
You slash the orc!
You kill the orc!
You barely miss the wight. You barely miss the necrophage.
The necrophage hits you but does no damage.
The wight barely misses you.
You have reached level 4!
You feel stronger.
You hit the necrophage.
The necrophage is moderately damaged.
You completely miss the wight. The wight hits you with a +0 battleaxe!
The necrophage barely misses you.
3222 ||| DRINKING potion of heal wounds.
You feel much better.
An orc wizard comes into view. It is wielding a +0 dagger.
The wight hits you but does no damage. The necrophage barely misses you.
You hit the necrophage.
The necrophage is heavily damaged.
You closely miss the wight.
The necrophage hits you but does no damage.
The wight closely misses you.
You hit the necrophage.
The necrophage is heavily damaged.
You barely miss the wight. The wight hits you with a +0 battleaxe!
The necrophage completely misses you.
You hit the necrophage.
The necrophage is severely damaged.
You hit the dart slug but do no damage. You hit the wight but do no damage.
The wight hits you with a +0 battleaxe! The necrophage hits you.
The dart slug bites you but does no damage.
You slash the necrophage!
The necrophage is almost destroyed.
You hit the dart slug but do no damage. You hit the wight.
The wight hits you with a +0 battleaxe!
You die...

#########
#.......##
#.......$.
#........#
#%<......#
#..g....##
#..w....#
#.@zo...#
##)n..(.#
#.##...#
#.# .#.#
... .....
.## #..# #
#w


You could see a necrophage, a wight, an orc wizard, a dart slug and a goblin.

Vanquished Creatures
  An adder (D:3)
  3 orcs
  2 endoplasms
  A giant cockroach (D:2)
  3 goblins
  9 hobgoblins
  2 jackals (D:1)
  8 kobolds
  3 quokkas
  3 ball pythons
  A bat (D:1)
  A frilled lizard (D:1)
  4 rats
41 creatures vanquished.

Vanquished Creatures (others)
  A plant (D:1)
1 creature vanquished.

Grand Total: 42 creatures vanquished

Notes
Turn   | Place    | Note
-------+----------+-------------------------------------------
     0 | D:5      | qw the Gargoyle Delver began the quest for the Orb.
     0 | D:5      | Reached XP level 1. HP: 14/14 MP: 1/1
     0 | D:5      | 0 ||| qw: Version: 0.1-a-117-gfe26ee0
     0 | D:5      | 0 ||| qw: Game counter: 10129
     0 | D:5      | 0 ||| qw: Always use a shield: true
     0 | D:5      | 0 ||| qw: God list: Okawaru
     0 | D:5      | 0 ||| qw: Allow faded altars: false
     0 | D:5      | 0 ||| qw: Do Orc after D:15 true
     0 | D:5      | 0 ||| qw: Do second Lair branch before Depths: true
     0 | D:5      | 0 ||| qw: Lair rune preference: random
     0 | D:5      | 0 ||| qw: Plans: Normal
     0 | D:5      | 0 ||| PLANNING D:1-11
     4 | D:5      | 4 ||| DROPPING scroll of fog.
     5 | D:5      | 5 ||| DROPPING scroll of magic mapping.
     6 | D:5      | 6 ||| DROPPING scroll of fear.
    12 | D:5      | Noticed a phantom
    13 | D:5      | 13 ||| FLEEEEING.
    14 | D:5      | 14 ||| STAIRDANCE
   251 | D:3      | 251 ||| DROPPING +0 club.
   364 | D:3      | 364 ||| DROPPING orb of guile.
   365 | D:3      | 365 ||| READING scroll labelled IZU DUBLEJU.
   370 | D:3      | 370 ||| DRINKING 2 black potions.
   371 | D:3      | 371 ||| DROPPING potion of attraction.
   392 | D:3      | 392 ||| READING scroll labelled MUIZIWN PEVOPO.
   439 | D:3      | Found a glowing golden altar of the Shining One.
   475 | D:3      | 475 ||| UPGRADING to +0 ring mail.
   485 | D:3      | 485 ||| DROPPING +0 leather armour.
   617 | D:2      | 617 ||| Stepping ~*~*~tactically~*~*~ (stealth).
   623 | D:2      | 623 ||| Stepping ~*~*~tactically~*~*~ (stealth).
   636 | D:2      | Reached XP level 2. HP: 18/19 MP: 2/2
   652 | D:2      | 652 ||| Stepping ~*~*~tactically~*~*~ (stealth).
   699 | D:2      | 699 ||| READING scroll labelled COLAECV GA OLO.
   730 | D:1      | 730 ||| Stepping ~*~*~tactically~*~*~ (stealth).
   760 | D:1      | 760 ||| Stepping ~*~*~tactically~*~*~ (stealth).
   762 | D:1      | 762 ||| Stepping ~*~*~tactically~*~*~ (stealth).
   763 | D:1      | 763 ||| Stepping ~*~*~tactically~*~*~ (stealth).
   792 | D:1      | 792 ||| Stepping ~*~*~tactically~*~*~ (stealth).
  1148 | D:1      | Reached skill level 3 in Axes
  1212 | D:1      | Found a faded altar of an unknown god.
  1219 | D:1      | Reached XP level 3. HP: 23/23 MP: 3/3
  1785 | D:1      | 1785 ||| UPGRADING to +0 scale mail.
  1795 | D:1      | 1795 ||| DROPPING +0 ring mail.
  1796 | D:1      | 1796 ||| READING scroll labelled NEIHIFANTITIH.
  1797 | D:1      | 1797 ||| READING scroll labelled LUNO PATYOFUR.
  1798 | D:1      | 1798 ||| READING scroll labelled ZEIDIFEFFO.
  1799 | D:1      | 1799 ||| READING scroll labelled VAETTO UHISMIE.
  1845 | D:1      | 1845 ||| DRINKING 3 lumpy yellow potions.
  1846 | D:1      | 1846 ||| DRINKING 2 purple potions.
  1847 | D:1      | 1847 ||| DRINKING 2 ruby potions.
  1876 | D:1      | 1876 ||| DROPPING 2 potions of flight.
  1877 | D:1      | 1877 ||| DROPPING potion of lignification.
  1946 | D:2      | Found Jeejeh's Assorted Antiques.
  1957 | D:2      | 1957 ||| Stepping ~*~*~tactically~*~*~ (stealth).
  1960 | D:2      | 1960 ||| Stepping ~*~*~tactically~*~*~ (stealth).
  2001 | D:2      | 2001 ||| SHOPLISTING blackened wooden ring (115 gold, have
                  | 79).
  2001 | D:2      | 2001 ||| BUYING brown potion (20 gold).
  2001 | D:2      | Bought a brown potion for 20 gold pieces
  2001 | D:2      | 2001 ||| BUYING brown potion (20 gold).
  2001 | D:2      | Bought a brown potion for 20 gold pieces
  2001 | D:2      | 2001 ||| BUYING brown potion (20 gold).
  2001 | D:2      | Bought a brown potion for 20 gold pieces
  2001 | D:2      | 2001 ||| SHOPLISTING potion of heal wounds (115 gold, have
                  | 19).
  2001 | D:2      | 2001 ||| SHOPLISTING scroll of identify (46 gold, have 19).
  2023 | D:2      | Reached skill level 1 in Armour
  2549 | D:2      | 2549 ||| UPGRADING to +0 chain mail.
  2559 | D:2      | 2559 ||| DROPPING +0 scale mail.
  2560 | D:2      | 2560 ||| READING scroll labelled LIACOQ FYANU.
  2561 | D:2      | 2561 ||| DRINKING 3 brown potions.
  2666 | D:2      | 2666 ||| DROPPING 2 potions of berserk rage.
  2697 | D:3      | 2697 ||| Stepping ~*~*~tactically~*~*~ (stealth).
  2739 | D:3      | Found a one-way gate to the infinite horrors of the Abyss.
  2739 | D:3      | Noticed qw's ghost (weakling GrDe)
  2741 | D:3      | Noticed a small abomination
  2750 | D:3      | Noticed a small abomination
  2775 | D:3      | Found a transporter.
  2779 | D:3      | Noticed an ancient zyme
  2790 | D:3      | Found a transporter.
  3185 | D:4      | 3185 ||| STAIRDANCE
  3210 | D:4      | Noticed a necrophage
  3213 | D:4      | Noticed a wight
  3221 | D:4      | Reached XP level 4. HP: 18/28 MP: 4/4
  3221 | D:4      | HP: 5/28 [wight/+0 battleaxe (13)]
  3222 | D:4      | 3222 ||| DRINKING potion of heal wounds.
  3225 | D:4      | HP: 2/28 [necrophage (3)]
  3226 | D:4      | Mangled by a wight

Levels and vault maps discovered:
D:1:      giann_bridges, layout_loops_ring,
          ebering_ecumenical_altar_sacrificial, minivault_23
D:2:      layout_loops_ring, serial_shops, nicolae_square_shop
D:3:      layout_loops_ring, mainiacjoe_overflow_paths,
          gammafunk_ghost_abyssal_escape, dk_vineyard_1
D:4:      layout_loops_cross, mainiacjoe_overflow_catwalk, minmay_manual_mess,
          uniq_duvessa, uniq_crazy_yiuf_cottage
D:5:      minmay_clustersquares, layout_cave_pools, serial_shops,
          nicolae_diamond_shop, gup_sewer_entry_bubbles, uniq_pikel

Skill      XL: |  1  2  3 |
---------------+----------+-----
Axes           | 2 3 |  3.6
Armour         | 1 |  1.0
Fighting       | |  3.2
Dodging        | |  1.5
Stealth        | |  5.4

Action                   |  1- 3 |  4- 6 || total
-------------------------+-------+-------++-------
Melee: Hand axe          |   150 |     5 ||   155
       Punch             |     1 |       ||     1
  Use: Scroll            |     8 |       ||     8
       Potion            |     5 |     1 ||     6
Armor: Ring mail         |    31 |       ||    31
       Leather armour    |     2 |       ||     2
       Chain mail        |    23 |     3 ||    26
       Scale mail        |    20 |       ||    20
Dodge: Dodged            |    63 |     4 ||    67

Table legend:
 A = Non-vault XP
 B = Vault XP
 C = Vault XP percentage of total XP
 D = Non-vault monster count
 E = Vault monster count
 F = Vault count percentage of total count
                 A         B        C        D         E       F
            +---------+---------+-------+---------+---------+-------
      Total |      81 |       2 |   2.4 |      40 |       1 |   2.4
            +---------+---------+-------+---------+---------+-------
        D:1 |      31 |       0 |   0.0 |      18 |       0 |   0.0
        D:2 |      16 |       0 |   0.0 |      10 |       0 |   0.0
        D:3 |      30 |       0 |   0.0 |      10 |       0 |   0.0
        D:4 |       4 |       2 |  33.3 |       2 |       1 |  33.3
            +---------+---------+-------+---------+---------+-------
